 Dungeon Crawl Stone Soup version 0.28-a0-1510-gd0f6b136d3 (webtiles) character file.

Game seed: 147491860003802763

12700 shadowrider38 the Destroyer (level 11, -10/94 HPs)
             Began as a Black Draconian Conjurer on Jan 14, 2022.
             Was a Priest of Vehumet.
             Mangled by an elephant (11 damage)
             ... on level 4 of the Lair of Beasts.
             The game lasted 00:59:07 (20167 turns).

shadowrider38 the Destroyer (DrCj)                 Turns: 20167, Time: 00:59:08

Health: -10/94     AC:  9    Str:  9    XL:     11   Next: 65%
Magic:  13/32      EV: 12    Int: 28    God:    Vehumet [***...]
Gold:   763        SH:  5    Dex: 10    Spells: 3/27 levels left

rFire   . . .      SeeInvis .   a - +4 dagger "Morg" {pain, Will+ Int+5}
rCold   . . .      Faith    .   (no shield)
rNeg    . . .      Spirit   .   (armour unavailable)
rPois   .          Reflect  +   (helmet restricted)
rElec   +          Harm     .   (no cloak)
rCorr   .          Rampage  .   J - +0 pair of gloves
Will    +....                   f - +0 pair of boots
Stlth   ++........              q - amulet of reflection
HPRegen 0.25/turn               e - ring of magical power
MPRegen 0.23/turn               o - ring of wizardry

@: no status effects
A: breathe lightning, AC +7, unfitting armour, electricity resistance,
cold-blooded
a: Breathe Lightning, Renounce Religion


You were on level 4 of the Lair of Beasts.
You worshipped Vehumet.
Vehumet was most pleased with you.
You visited 3 branches of the dungeon, and saw 17 of its levels.

You collected 763 gold pieces.

Inventory:

Hand Weapons
 a - the +4 dagger "Morg" (weapon) {pain, Will+ Int+5}
   (You found it on level 8 of the Dungeon)

   In the hands of one skilled in necromantic magic, it inflicts extra damage on
   living creatures.
   Int:       It affects your intelligence (+5).
   Will:      It increases your willpower.
Missiles
 b - 332 stones
 u - 13 boomerangs
 w - a throwing net
 B - a curare-tipped dart
 C - 16 poisoned darts
 E - 11 atropa-tipped darts
Armour
 f - a +0 pair of boots (worn)
 D - a +0 buckler
 J - a +0 pair of gloves (worn)
Jewellery
 d - a ring of poison resistance
 e - a ring of magical power (left hand)
 o - a ring of wizardry (right hand)
 q - an amulet of reflection (around neck)
 G - a ring of willpower
Wands
 s - a wand of paralysis (9)
Scrolls
 g - a scroll of blinking
 j - 3 scrolls of summoning
 l - 4 scrolls of magic mapping
 p - 4 scrolls of immolation
 r - a scroll of vulnerability
 t - 2 scrolls of amnesia {unknown}
 v - 2 scrolls of brand weapon
 y - a scroll of fear {unknown}
 F - 2 scrolls of identify
 K - a scroll of noise {unknown}
Potions
 c - 2 potions of brilliance
 h - 6 potions of curing
 k - 3 potions of resistance
 m - 3 potions of heal wounds
 n - 2 potions of flight
 x - a potion of invisibility {unknown}
 z - 3 potions of attraction
 A - a potion of lignification {unknown}
 I - 2 potions of cancellation {unknown}
 L - a potion of haste {unknown}
 M - 2 potions of mutation {unknown}
Miscellaneous
 H - a lightning rod (4/4)


   Skills:
 - Level 8.0 Fighting
 - Level 4.0 Short Blades
 - Level 2.0 Dodging
 - Level 2.0 Stealth
 + Level 8.5 Spellcasting
 - Level 12.0 Conjurations
 - Level 6.9 Translocations
 - Level 5.0 Evocations


You had 3 spell levels left.
You knew the following spells:

 Your Spells              Type           Power      Damage    Failure   Level
a - Magic Dart            Conj           100%       1d8       1%          1
b - Iskenderun's Mystic   Conj/Tloc      60%        2d13      1%          4
c - Blink                 Tloc           100%       N/A       1%          2
d - Gell's Gravitas       Tloc           50%        N/A       1%          3
e - Ensorcelled Hibernat  Hex/Ice        24%        N/A       2%          2
f - Manifold Assault      Tloc           50%        N/A       3%          5
g - Orb of Destruction    Conj           34%        9d10      3%          7

Your spell library contained the following spells:

 Spells                   Type           Power      Damage    Failure   Level
 Conjure Flame            Conj/Fire      45%        6-21      1%          3
 Searing Ray              Conj           100%       2d8       1%          2
 Static Discharge         Conj/Air       45%        N/A       1%          2
 Dazzling Flash           Conj/Hex       90%        N/A       1%          3
 Ignite Poison            Fire/Tmut/Pois 12%        N/A       1%          3
 Mephitic Cloud           Conj/Pois/Air  34%        N/A       1%          3
 Teleport Other           Tloc           50%        N/A       1%          3
 Spider Form              Tmut/Pois      12%        N/A       6%          3
 Summon Guardian Golem    Hex/Summ       12%        N/A       6%          3
 Fulminant Prism          Conj/Hex       22%        3d13      1%          4
 Sticky Flame             Conj/Fire      45%        2d6       1%          4
 Freezing Cloud           Conj/Ice/Air   17%        6-21      3%          5
 Dispersal                Tloc           25%        N/A       16%         6
 Anguish                  Hex/Necr       6%         N/A       19%         4
 Dispel Undead            Necr           12%        3d9       19%         4
 Spellforged Servitor     Conj/Summ      22%        N/A       32%         7
 Alistair's Intoxication  Tmut/Pois      8%         N/A       45%         5
 Borgnjor's Vile Clutch   Necr/Erth      6%         N/A       45%         5
 Eringya's Noxious Bog    Tmut/Pois      6%         N/A       52%         6
 Storm Form               Tmut/Air       6%         N/A       100%        7


Dungeon Overview and Level Annotations

Branches:
Dungeon (10/15)            Temple (1/1) D:4            Lair (6/6) D:9
    Orc (0/2) D:9
  Swamp: Lair:2-4    Shoals: Lair:2-4     Snake: Lair:2-4    Spider: Lair:2-4
  Slime: Lair:5-6

Altars:
Ashenzari
Cheibriados
Dithmenos
Elyvilon
Fedhas
Gozag
Hepliaklqana
Kikubaaqudgha
Makhleb
Nemelex Xobeh
Okawaru
Qazlal
Ru
Sif Muna
Trog
Uskayaw
Vehumet
Wu Jian
Xom
Yredelemnul
Zin
The Shining One
Ignis

Annotations:
D:3 exclusion: downstairs
D:4 Sigmund
D:7 Joseph
D:8 1 runed translucent door, HallandMoats's ghost, novice MiFi
D:9 exclusion: 3 killer bees
Lair:1 Sonja
Lair:2 exclusion: oklob plant
Lair:3 exclusion: 2 yaks, Gastronok
Lair:5 Snorg


Innate Abilities, Weirdness & Mutations

You can breathe wild blasts of lightning.
Your glossy black scales are hard. (AC +7)
You cannot fit into any form of body armour.
You are resistant to electric shocks. (rElec)
You are cold-blooded and may be slowed by cold attacks.


Message History

Casting: Blink (safe; 1% risk of failure)
Confirm with . or Enter, or press ? or * to list all spells.
You blink.
The boulder beetle barely misses you.
The boulder beetle stops rolling and uncurls.
Press: ? - help, v - describe, . - travel
Here: a boulder beetle The floor.
The boulder beetle leaps!
The boulder beetle curls into a ball and begins rolling!
There is a stone staircase leading up here.
The boulder beetle hits you!
* * * LOW HITPOINT WARNING * * *
The boulder beetle stops rolling and uncurls.
You climb upwards.
Level annotation: Snorg The yak bellows!
You hear a bellow!
Snorg bites you.
* * * LOW HITPOINT WARNING * * *
Snorg claws you.
* * * LOW HITPOINT WARNING * * *
Snorg claws you but does no damage. You block the cane toad's attack.
The yak closely misses you.
The dream sheep ruffles its wool and motes of dream dust sparkle, to no effect.
Snorg goes berserk!
There is a stone staircase leading down, spattered with blood here.
Unknown command.
Unknown command.
Unknown command.
Blink to where?
Press: ? - help, Dir - move target
As you read the scroll of blinking, it crumbles to dust.
You hear a bleat!
There is a stone staircase leading up, spattered with blood here.
You climb upwards.
The elephant tramples you!
* * * LOW HITPOINT WARNING * * *
You stumble backwards!
The elephant tramples you!
* * * LOW HITPOINT WARNING * * *
You stumble backwards!
The elephant tramples you!
You die...

#..........PP..##...........
##...........P#.............
#............#.............
#........................#.
##.....................P##
##.....................#
#....................#..
#P........Y.........###..
#........@Y.......#.#
####...............##.
#..................
#...................
###...#.............
...................
....................
....................
.....#............


You could see 2 elephants.

Vanquished Creatures
  Erica (D:8)
  A two-headed ogre (D:8)
  An elephant (Lair:4)
  7 cane toads
  A rime drake (Lair:1)
  A komodo dragon (D:9)
  2 trolls
  3 polar bears
  8 blink frogs
  2 yaks (Lair:3)
  2 basilisks
  2 steam dragons
  Grum (D:9)
  An acid dragon (D:7)
  Duvessa (D:7)
  6 water moccasins
  4 orc warriors
  13 wolves
  A necrophage (D:7)
  2 ogres
  A phantom (D:5)
  2 kobold brigands
  8 bullfrogs
  2 scorpions
  A wyvern zombie (D:6)
  2 gnoll sergeants
  Dowan (D:7)
  6 killer bees (D:7)
  2 electric eels (D:7)
  A howler monkey (D:5)
  2 hounds (D:4)
  A bullfrog zombie (D:6)
  3 centaur zombies
  2 bullfrog skeletons (D:5)
  6 jellies
  A gnoll shaman (D:8)
  6 orc priests
  A centaur skeleton (D:7)
  6 iguanas
  4 orc wizards
  A killer bee zombie (D:5)
  6 adders
  18 gnolls
  A howler monkey skeleton (D:4)
  2 shadow imps
  A white imp (D:6)
  An ufetubus (D:4)
  An adder skeleton (D:4)
  A worm (D:4)
  A dart slug (D:3)
  9 orcs
  6 endoplasms
  4 giant cockroaches
  7 goblins
  14 hobgoblins
  8 jackals (D:1)
  4 quokkas
  4 ball pythons
  4 bats
  3 frilled lizards
  18 kobolds
  2 rats
234 creatures vanquished.

Vanquished Creatures (others)
  16 fungi
  33 plants
49 creatures vanquished.

Grand Total: 283 creatures vanquished

Notes
Turn   | Place    | Note
-------+----------+-------------------------------------------
     0 | D:1      | shadowrider38 the Draconian Conjurer began the quest for
                  | the Orb.
     0 | D:1      | Reached XP level 1. HP: 14/14 MP: 3/3
   113 | D:1      | Reached skill level 1 in Fighting
   194 | D:1      | Reached XP level 2. HP: 17/23 MP: 1/5
   785 | D:1      | Reached XP level 3. HP: 26/29 MP: 3/6
  1253 | D:1      | Found a faded altar of an unknown god.
  2064 | D:3      | Reached XP level 4. HP: 35/36 MP: 9/9
  2075 | D:3      | Learned a level 4 spell: Iskenderun's Mystic Blast
  2401 | D:3      | Found a snail-covered altar of Cheibriados.
  2905 | D:4      | Found a staircase to the Ecumenical Temple.
  2914 | Temple   | Entered the Ecumenical Temple
  2972 | Temple   | Became a worshipper of Vehumet
  3658 | D:4      | Reached XP level 5. HP: 41/41 MP: 11/11
  4019 | D:4      | Noticed Sigmund
  4058 | D:4      | Reached skill level 5 in Conjurations
  4378 | D:4      | Reached XP level 6. HP: 47/48 MP: 12/12
  4396 | D:4      | Reached skill level 6 in Conjurations
  4423 | D:4      | Reached skill level 1 in Translocations
  4486 | D:4      | Reached * piety under Vehumet
  4486 | D:4      | Offered knowledge of Freeze by Vehumet.
  4865 | D:5      | Entered Level 5 of the Dungeon
  5035 | D:5      | Your scales start taking on a glossy black colour.
  5035 | D:5      | Reached XP level 7. HP: 53/59 MP: 13/13
  5035 | D:5      | Gained mutation: You are resistant to electric shocks.
                  | (rElec) [Black Draconian growth]
  5964 | D:6      | Reached skill level 5 in Translocations
  6013 | D:6      | Found a broken altar of Ashenzari.
  6227 | D:6      | Found a sparkling altar of Nemelex Xobeh.
  6227 | D:6      | Found a shimmering altar of Xom.
  6353 | D:6      | Reached XP level 8. HP: 66/66 MP: 14/14
  6594 | D:6      | Found an opulent altar of Gozag.
  6594 | D:6      | Found a glowing silver altar of Zin.
  6675 | D:6      | Found a white marble altar of Elyvilon.
  6842 | D:6      | Reached skill level 5 in Spellcasting
  7206 | D:7      | Noticed Dowan
  7469 | D:7      | Noticed Duvessa
  7475 | D:7      | Killed Dowan
  7481 | D:7      | Killed Duvessa
  7481 | D:7      | Reached ** piety under Vehumet
  7482 | D:7      | Reached skill level 5 in Fighting
  8019 | D:7      | Found a hide-covered altar of Uskayaw.
  8369 | D:7      | Learned a level 2 spell: Blink
  8378 | D:7      | Noticed Joseph
  8541 | D:7      | Offered knowledge of Scorch by Vehumet.
  8555 | D:7      | Reached XP level 9. HP: 63/78 MP: 4/18
  9460 | D:8      | Found the +4 dagger "Morg" {pain, Will+ Int+5}
  9485 | D:8      | Noticed a two-headed ogre
  9496 | D:8      | Killed a two-headed ogre
  9497 | D:8      | Reached skill level 7 in Conjurations
  9655 | D:8      | Found a shimmering blue altar of Sif Muna.
 10178 | D:8      | Noticed Erica
 10527 | D:8      | Noticed a troll
 10536 | D:8      | Killed a troll
 10537 | D:8      | Reached skill level 8 in Conjurations
 10613 | D:8      | Reached skill level 1 in Evocations
 10923 | D:8      | Found a runed translucent door.
 10923 | D:8      | Noticed a cyclops
 10923 | D:8      | Noticed HallandMoats's ghost (novice MiFi)
 11103 | D:8      | Killed Erica
 11104 | D:8      | Reached skill level 5 in Evocations
 11104 | D:8      | Reached skill level 1 in Short Blades
 11104 | D:8      | Reached XP level 10. HP: 65/88 MP: 3/19
 13340 | D:9      | Found Ujeneerch's CLEARANCE SALE!.
 13375 | D:9      | Found a basalt altar of Yredelemnul.
 13634 | D:9      | Noticed Grum
 13657 | D:9      | Offered knowledge of Inner Flame by Vehumet.
 13661 | D:9      | Killed Grum
 13840 | D:9      | Found a staircase to the Lair.
 13865 | D:9      | Found a staircase to the Orcish Mines.
 14623 | D:10     | Entered Level 10 of the Dungeon
 14870 | D:10     | Noticed a cyclops
 15204 | Lair:1   | Entered Level 1 of the Lair of Beasts
 15204 | Lair:1   | Noticed a cane toad
 15215 | Lair:1   | Killed a cane toad
 15275 | Lair:1   | Learned a level 3 spell: Gell's Gravitas
 15278 | Lair:1   | Learned a level 2 spell: Ensorcelled Hibernation
 15284 | Lair:1   | Learned a level 5 spell: Manifold Assault
 15936 | Lair:1   | Found the +9 scales of the Dragon King {rPois rF+ rC+
                  | Will+}
 16014 | Lair:1   | Noticed Sonja
 16679 | Lair:2   | Noticed a cane toad
 16699 | Lair:2   | Killed a cane toad
 16700 | Lair:2   | Reached skill level 9 in Conjurations
 17020 | Lair:2   | Noticed a cane toad
 17028 | Lair:2   | Killed a cane toad
 17029 | Lair:2   | Reached XP level 11. HP: 94/94 MP: 15/23
 17566 | Lair:2   | Noticed an oklob plant
 17638 | Lair:2   | Reached skill level 10 in Conjurations
 17640 | Lair:2   | Reached *** piety under Vehumet
 17878 | Lair:2   | Learned a level 7 spell: Orb of Destruction
 18114 | Lair:3   | Noticed Gastronok
 18436 | Lair:3   | Reached skill level 11 in Conjurations
 18652 | Lair:3   | You fall into a shaft and drop 3 floors!
 18652 | Lair:6   | Entered Level 6 of the Lair of Beasts
 19700 | Lair:4   | Offered knowledge of Conjure Flame by Vehumet.
 19701 | Lair:4   | Reached skill level 12 in Conjurations
 19929 | Lair:5   | Noticed Snorg
 20005 | Lair:4   | Noticed a lindwurm
 20133 | Lair:6   | Noticed a boulder beetle
 20167 | Lair:4   | HP: 1/94 [elephant (11)]
 20167 | Lair:4   | Mangled by an elephant

Illustrated notes

Levels and vault maps discovered:
D:1:      dpeg_arrival_leaves_temple_mockup, layout_rooms,
          dilly_ecumenical_altar_fadedgnrine, bh_walls_and_bars
D:2:      layout_basic, wander_ebering_terrifying_dragon_lair
D:3:      layout_loops_ring, cheibriados_altar_1
D:4:      layout_loops_ring, lemuel_temple_firewalk_b, hangedman_glass_teeth,
          minmay_between, uniq_sigmund
D:5:      nicolae_cairo_tiling_large, layout_gridville
D:6:      layout_loops_ring, grunt_temple_overflow_gold_and_silver,
          kennysheep_mini, nicolae_overflow_hidden_temple
D:7:      layout_loops_cross, mainiacjoe_overflow_catwalk, serial_bayou_pond_a,
          minmay_crystal_water, uniq_duvessa, uniq_joseph
D:8:      layout_gridville, mainiacjoe_overflow_paths,
          ebering_ghost_inner_flame, nicolae_figureground_pulse, uniq_erica
D:9:      layout_small_grid, mainiacjoe_overflow_24_doors, david_lair_shrubbed,
          serial_bayou_pond_d, nicolae_shop_clearance, uniq_grum
D:10:     layout_long_grid, ebering_ghost_disaster_area
Temple:   pdpol_scorched_temple
Lair:1:   layout_cave_pods, serial_bayou_shore_b, uniq_sonja
Lair:2:   minmay_lair_oklob_chamber, layout_cave_pods, lemuel_fruit_fields
Lair:3:   layout_regular_city, uniq_gastronok
Lair:4:   layout_hall_layers, elwin_shoals_entry_rocks,
          minmay_snake_entry_guardpost_medium, beast_lair_carwin_5,
          infiniplex_staircase_pool_2
Lair:5:   layout_layer_cave, serial_bayou_pond_b, minmay_lair_oklob_items,
          beast_lair_carwin_2, serial_bayou_shore_a, uniq_rupert, uniq_snorg
Lair:6:   cheibrodos_lair_end_hotspot, layout_layer_cave, slime_dummy

Skill      XL: |  1  2  3  4  5  6  7  8  9 10 11 |
---------------+----------------------------------+-----
Stealth        | 2 |  2.0
Fighting       | 1 2 4 6 8 |  8.0
Spellcasting   | 3 4 6 8 |  8.5
Conjurations   | 5 6 8 9 12 | 12.0
Translocations | 2 5 6 |  6.9
Dodging        | 2 |  2.0
Evocations     | 5 |  5.0
Short Blades   | 1 4 |  4.0

Action                   |  1- 3 |  4- 6 |  7- 9 | 10-12 || total
-------------------------+-------+-------+-------+-------++-------
Melee: Unarmed           |    15 |       |       |       ||    15
       Tailslap          |     6 |     1 |    10 |    10 ||    27
       Short sword       |    57 |    13 |    28 |       ||    98
       Punch             |     1 |       |       |       ||     1
       Dagger            |       |       |    15 |    95 ||   110
Throw: Throwing net      |       |       |     1 |       ||     1
 Cast: Magic Dart        |    82 |   172 |   234 |   176 ||   664
       Iskenderun's Myst |       |       |    57 |    91 ||   148
       Gell's Gravitas   |       |       |       |     6 ||     6
       Ensorcelled Hiber |       |       |       |     1 ||     1
       Orb of Destructio |       |       |       |    23 ||    23
       Blink             |       |       |       |     2 ||     2
       Manifold Assault  |       |       |       |     1 ||     1
 Abil: Breathe Lightning |       |       |     8 |       ||     8
Evoke: Wand              |       |       |       |     3 ||     3
  Use: Scroll            |     3 |       |    13 |     4 ||    20
 Stab: Sleeping          |       |       |     1 |     1 ||     2
Armor: Skin              |    26 |    17 |    35 |    38 ||   116
Dodge: Dodged            |    49 |    36 |    76 |    85 ||   246
Block: Other             |       |       |     6 |    23 ||    29
       Buckler           |       |       |       |     3 ||     3
       Reflection        |       |       |       |     1 ||     1

Table legend: (Time is in decaauts)
 A = Elapsed time spent in this place.
 B = Non-inter-level travel time spent in this place.
 C = Inter-level travel time spent in this place.
 D = Time resting spent in this place.
 E = Time spent auto-exploring this place.
 F = Levels seen in this place.
 G = Mean time per level.
                   A        B        C        D        E       F      G
               +--------+--------+--------+--------+--------+-----+--------+
         Total |  20174 |  19134 |   1040 |   8149 |   7459 |  17 | 1186.7 |
       Dungeon |  15151 |  14295 |    856 |   6445 |   5088 |  10 | 1515.1 |
        Temple |     64 |     41 |     23 |      0 |     34 |   1 |   64.0 |
          Lair |   4958 |   4797 |    161 |   1704 |   2337 |   6 |  826.3 |
               +--------+--------+--------+--------+--------+-----+--------+

Top non-repeatable levels by time:
     D:6: 2854 daAuts
     D:8: 2436 daAuts
     D:7: 2005 daAuts
  Lair:2: 1897 daAuts
     D:9: 1778 daAuts
     D:4: 1553 daAuts
     D:1: 1347 daAuts
  Lair:1: 1254 daAuts
  Lair:3: 1252 daAuts
     D:5: 1095 daAuts
     D:3: 1014 daAuts
     D:2: 889 daAuts
  Lair:4: 447 daAuts
    D:10: 176 daAuts
  Temple: 64 daAuts
